 Dungeon Crawl Stone Soup version 0.29-a0-397-g846e4a0bbc (webtiles) character file.

Game seed: 10717062210352552947

629279 Ijustatesigmund the Pulveriser (level 27, -17/243 HPs)
             Began as a Gnoll Conjurer on May 9, 2022.
             Was the Champion of Cheibriados.
             Demolished by Taxiarem the pandemonium lord (25 damage)
             ... on level 17 of a ziggurat on May 12, 2022.
             The game lasted 07:02:38 (93655 turns).

Ijustatesigmund the Pulveriser (Gnoll Conjurer)    Turns: 93655, Time: 07:02:38

Health: -17/243    AC: 42    Str: 30    XL:     27
Magic:  47/56      EV: 30    Int: 54    God:    Cheibriados [******]
Gold:   4267       SH: 23    Dex: 30    Spells: 4/65 levels left

rFire   + + +      SeeInvis .   c - +9 demon whip (elec)
rCold   + + +      Faith    .   f - +5 kite shield {reflect}
rNeg    + + +      Spirit   .   q - +8 fire dragon scales
rPois   ∞          Reflect  +   G - +3 hat of Pondering {ponderous, Will+ MP+10 Int+5}
rElec   .          Harm     .   S - +0 cloak of Indomitability {rPois rC+ rCorr Int+3}
rCorr   +          Rampage  .   J - +1 pair of gloves of Good Intentions {rC+ Str+3 Slay+2}
Will    ++++.                   X - +2 pair of boots {Stlth+}
Stlth   ++++++++..              Z - amulet "Hecit" {rF+ rC++ Regen+ Int+3}
HPRegen 1.30/turn               Q - ring "Arutygui" {rF+ rN+ Str+6}
MPRegen 0.35/turn               d - ring of wizardry

@: brilliant, lich-form, studying Staves, silenced, very slow
A: draining attack, torment immunity, no potions, fangs 1, strong nose,
distributed training, iridescent scales 1, cold resistance 1, robust 1
}: 4/15 runes: barnacled, slimy, silver, gossamer
a: End Transformation, Renounce Religion


You were on level 17 of a ziggurat.
You worshipped Cheibriados.
Cheibriados was exalted by your worship.
You were an undead lich.
You visited 12 branches of the dungeon, and saw 53 of its levels.
You visited the Abyss 2 times.
You visited 1 ziggurat, and saw 17 of its levels.
You also visited: Ossuary, Bailey and Ice Cave.

You collected 11013 gold pieces.
You spent 6746 gold pieces at shops.

Inventory:

Hand Weapons
 c - a +9 demon whip of electrocution (weapon)
 V - a +9 sacred scourge of holy wrath
Missiles
 U - 3 silver javelins (quivered)
Armour
 a - a +2 robe of the Archmagi
 f - a +5 kite shield of reflection (worn)
 q - +8 fire dragon scales (worn)
 G - the +3 hat of Pondering (worn) {ponderous, Will+ MP+10 Int+5}
   (You acquired it on level 8 of the Dungeon)

   Int:       It affects your intelligence (+5).
   MP:        It affects your magic capacity (+10).
   Will:      It increases your willpower.
 J - the +1 pair of gloves of Good Intentions (worn) {rC+ Str+3 Slay+2}
   (You bought it in a shop on level 2 of the Orcish Mines)

   Str:       It affects your strength (+3).
   Slay:      It affects your accuracy & damage with ranged weapons and melee
   (+2).
   rC:        It protects you from cold.
 S - the +0 cloak of Indomitability (worn) {rPois rC+ rCorr Int+3}
   (You found it on level 1 of the Shoals)

   Int:       It affects your intelligence (+3).
   rC:        It protects you from cold.
   rPois:     It protects you from poison.
   rCorr:     It protects you from acid and corrosion.
 X - a +2 pair of boots of stealth (worn)
 Y - the +1 robe of Vines {NoPotionHeal Regen++++}
   (You found it on level 4 of the Lair of Beasts)

   Its wearer cannot be healed by potions.
   Regen:     It increases your rate of health regeneration.
Magical Staves
 W - a staff of fire
Jewellery
 d - a ring of wizardry (right hand)
 k - the ring of Qyoduax {Str+7 Int+6}
   (You took it off a deep elf demonologist on level 3 of the Elven Halls)

   [ring of intelligence]

   Str:       It affects your strength (+7).
   Int:       It affects your intelligence (+6).
 l - a ring of positive energy
 z - the ring of the Hare {EV+8}
   (You found it on level 12 of a ziggurat)

   [ring of evasion]

   EV:        It affects your evasion (+8).
 B - the ring "Hojij" {+Blink rN+ Will+ Str+3 Stlth+}
   (You found it on level 15 of a ziggurat)

   [ring of willpower]

   Str:       It affects your strength (+3).
   rN:        It protects you from negative energy.
   +Blink:    It lets you blink.
   Will:      It increases your willpower.
   Stlth:     It makes you more stealthy.
 Q - the ring "Arutygui" (left hand) {rF+ rN+ Str+6}
   (You took it off a deep elf zephyrmancer on level 3 of the Elven Halls)

   [ring of positive energy]

   Str:       It affects your strength (+6).
   rF:        It protects you from fire.
   rN:        It protects you from negative energy.
 Z - the amulet "Hecit" (around neck) {rF+ rC++ Regen+ Int+3}
   (You took it off a deep elf high priest on level 3 of the Elven Halls)

   [amulet of regeneration]

   Int:       It affects your intelligence (+3).
   rF:        It protects you from fire.
   rC:        It greatly protects you from cold.
   Regen:     It increases your rate of health regeneration.
Wands
 h - a wand of iceblast (18)
 j - a wand of charming (13)
 u - a wand of flame (54)
 x - a wand of acid (8)
 A - a wand of polymorph (32)
 L - a wand of digging (22)
 M - a wand of mindburst (34)
Scrolls
 g - 27 scrolls of teleportation
 o - 5 scrolls of brand weapon
 r - 6 scrolls of immolation
 s - 6 scrolls of enchant weapon
 y - 5 scrolls of poison
 C - 13 scrolls of blinking
 D - 2 scrolls of fear
 E - 8 scrolls of magic mapping
 I - 5 scrolls of torment
 O - 2 scrolls of silence
 T - 10 scrolls of fog
Potions
 b - 5 potions of magic
 e - 19 potions of heal wounds
 i - 13 potions of lignification
 m - 35 potions of curing
 n - 12 potions of attraction
 p - 3 potions of resistance
 t - 10 potions of berserk rage
 v - 8 potions of cancellation
 w - 7 potions of invisibility
 F - 10 potions of might
 H - 6 potions of brilliance
 K - 2 potions of mutation
 N - 8 potions of flight
 R - 12 potions of ambrosia
Miscellaneous
 P - a condenser vane


   Skills:
 + Level 19.0 Fighting
 + Level 19.0 Short Blades
 + Level 19.0 Long Blades
 + Level 19.0 Axes
 + Level 19.0 Maces & Flails
 + Level 19.0 Polearms
 + Level 21.2 Staves
 + Level 19.0 Slings
 + Level 19.0 Bows
 + Level 19.0 Crossbows
 + Level 19.0 Throwing
 + Level 19.0 Armour
 + Level 19.4 Dodging
 + Level 19.4 Stealth
 + Level 19.0 Shields
 + Level 19.0 Unarmed Combat
 + Level 19.5 Spellcasting
 + Level 17.5 Conjurations
 + Level 16.2 Hexes
 + Level 16.2 Summonings
 + Level 16.2 Necromancy
 + Level 16.2 Translocations
 + Level 16.2 Transmutations
 + Level 16.2 Fire Magic
 + Level 16.2 Ice Magic
 + Level 16.2 Air Magic
 + Level 16.2 Earth Magic
 + Level 16.2 Poison Magic
 + Level 20.5 Invocations
 + Level 19.0 Evocations


You had 4 spell levels left.
You knew the following spells:

 Your Spells              Type           Power      Damage    Failure   Level
a - Magic Dart            Conj           100%       1d8       0%          1
b - Freezing Cloud        Conj/Ice/Air   74%        6-21      0%          5
c - Poisonous Vapours     Pois/Air       100%       N/A       0%          2
d - Ignite Poison         Fire/Tmut/Pois 100%       N/A       0%          3
e - Olgreb's Toxic Radia  Pois           100%       N/A       0%          4
f - Iron Shot             Conj/Erth      75%        9d14      1%          6
g - Sticky Flame          Conj/Fire      100%       2d11      0%          4
h - Statue Form           Tmut/Erth      98%        N/A       1%          6
i - Borgnjor's Vile Clut  Necr/Erth      87%        N/A       0%          5
j - Spellforged Servitor  Conj/Summ      75%        N/A       1%          7
k - Apportation           Tloc           100%       N/A       0%          1
l - Necromutation         Tmut/Necr      87%        N/A       2%          8
m - Fire Storm            Conj/Fire      75%        8d19      26%         9

Your spell library contained the following spells:

 Spells                   Type           Power      Damage    Failure   Level
 Animate Skeleton         Necr           100%       N/A       0%          1
 Beastly Appendage        Tmut           100%       N/A       0%          1
 Foxfire                  Conj/Fire      100%       2x1d9     0%          1
 Freeze                   Ice            100%       1d11      0%          1
 Pain                     Necr           100%       1d9       0%          1
 Shock                    Conj/Air       100%       1d9       0%          1
 Slow                     Hex            100%       N/A       0%          1
 Sting                    Tmut/Pois      100%       1d8       0%          1
 Summon Small Mammal      Summ           100%       N/A       0%          1
 Ensorcelled Hibernation  Hex/Ice        100%       N/A       0%          2
 Passwall                 Tmut/Erth      100%       N/A       0%          2
 Searing Ray              Conj           100%       2d8       0%          2
 Static Discharge         Conj/Air       100%       N/A       0%          2
 Sublimation of Blood     Necr           100%       N/A       0%          2
 Wereblood                Tmut           100%       N/A       0%          2
 Call Canine Familiar     Summ           100%       N/A       0%          3
 Confusing Touch          Hex            100%       N/A       0%          3
 Conjure Flame            Conj/Fire      100%       6-21      0%          3
 Dazzling Flash           Conj/Hex       100%       N/A       0%          3
 Frozen Ramparts          Ice            100%       1d12      0%          3
 Gell's Gravitas          Tloc           100%       N/A       0%          3
 Inner Flame              Hex/Fire       100%       N/A       0%          3
 Lesser Beckoning         Tloc           100%       N/A       0%          3
 Mephitic Cloud           Conj/Pois/Air  100%       N/A       0%          3
 Ozocubu's Armour         Ice            100%       N/A       0%          3
 Portal Projectile        Hex/Tloc       100%       N/A       0%          3
 Spider Form              Tmut/Pois      100%       N/A       0%          3
 Stone Arrow              Conj/Erth      100%       3d13      0%          3
 Summon Guardian Golem    Hex/Summ       100%       N/A       0%          3
 Swiftness                Air            100%       N/A       0%          3
 Teleport Other           Tloc           100%       N/A       0%          3
 Vampiric Draining        Necr           100%       2d13      0%          3
 Airstrike                Air            74%        N/A       0%          4
 Anguish                  Hex/Necr       87%        N/A       0%          4
 Animate Armour           Summ/Erth      100%       N/A       0%          4
 Animate Dead             Necr           87%        N/A       0%          4
 Cause Fear               Hex            74%        N/A       0%          4
 Flame Wave               Conj/Fire      100%       2d17      0%          4
 Fulminant Prism          Conj/Hex       75%        3d32      0%          4
 Hailstorm                Conj/Ice       100%       3d20      0%          4
 Ice Form                 Ice/Tmut       100%       N/A       0%          4
 Iskenderun's Mystic Bla  Conj/Tloc      100%       2d19      0%          4
 Leda's Liquefaction      Hex/Erth       74%        N/A       0%          4
 Passage of Golubria      Tloc           100%       N/A       0%          4
 Petrify                  Tmut/Erth      100%       N/A       0%          4
 Summon Ice Beast         Ice/Summ       100%       N/A       0%          4
 Summon Lightning Spire   Summ/Air       100%       N/A       0%          4
 Agony                    Necr           100%       N/A       0%          5
 Alistair's Intoxication  Tmut/Pois      98%        N/A       0%          5
 Blade Hands              Tmut           74%        N/A       0%          5
 Excruciating Wounds      Necr           87%        N/A       0%          5
 Fireball                 Conj/Fire      75%        3d28      0%          5
 Irradiate                Conj/Tmut      75%        3d38      0%          5
 Iskenderun's Battlesphe  Conj           100%       2d15      0%          5
 Lee's Rapid Deconstruct  Erth           74%        3d34*     0%          5
 Lightning Bolt           Conj/Air       75%        1d101     0%          5
 Metabolic Englaciation   Hex/Ice        74%        N/A       0%          5
 Silence                  Hex/Air        74%        N/A       0%          5
 Summon Forest            Summ/Tloc      74%        N/A       0%          5
 Summon Mana Viper        Hex/Summ       100%       N/A       0%          5
 Yara's Violent Unravell  Hex/Tmut       74%        3d27      0%          5
 Conjure Ball Lightning   Conj/Air       75%        3x3d28    1%          6
 Death Channel            Necr           87%        N/A       1%          6
 Simulacrum               Ice/Necr       87%        N/A       1%          6
 Starburst                Conj/Fire      75%        6d19      1%          6
 Summon Cactus Giant      Summ           74%        N/A       1%          6
 Dragon Form              Tmut           74%        N/A       1%          7
 Haunt                    Necr/Summ      87%        N/A       1%          7
 Orb of Destruction       Conj           76%        9d17      1%          7
 Storm Form               Tmut/Air       74%        N/A       1%          7
 Summon Hydra             Summ           74%        N/A       1%          7
 Lehudib's Crystal Spear  Conj/Erth      75%        10d17     1%          8
 Borgnjor's Revivificati  Necr           87%        N/A       2%          8
 Discord                  Hex            74%        N/A       2%          8
 Disjunction              Tloc           74%        N/A       2%          8
 Infestation              Necr           87%        N/A       2%          8
 Maxwell's Capacitive Co  Air            74%        ∞         2%          8
 Death's Door             Necr           87%        N/A       32%         9
 Dragon's Call            Summ           74%        N/A       32%         9
 Polar Vortex             Ice            74%        N/A       32%         9
 Shatter                  Erth           74%        3d54*     32%         9


Dungeon Overview and Level Annotations

Branches:
Dungeon (15/15)            Temple (1/1) D:7            Lair (6/6) D:8
 Shoals (4/4) Lair:3       Spider (4/4) Lair:3        Slime (5/5) Lair:6
    Orc (2/2) D:9             Elf (3/3) Orc:2        Vaults (5/5) D:13
  Crypt (3/3) Vaults:3       Tomb (0/3) Crypt:3      Depths (4/4) D:15
    Zot (1/5) Depths:4    Ossuary (visited)          Bailey (visited)
  IceCv (visited)

Altars:
Ashenzari
Cheibriados
Dithmenos
Elyvilon
Fedhas
Gozag
Hepliaklqana
Kikubaaqudgha
Makhleb
Nemelex Xobeh
Okawaru
Qazlal
Ru
Sif Muna
Trog
Uskayaw
Vehumet
Wu Jian
Xom
Yredelemnul
Zin
The Shining One
Beogh

Shops:
D:5 ?   D:7 :   Orc:2 *((?   Vaults:2 !!   Vaults:3 **(   Vaults:5 ???!!?
Depths:1 [   Depths:3 *

Portals:
Hell: Depths:1 Depths:2 Depths:3 Depths:4
Abyss: D:14 Depths:1 Depths:3 Depths:4
Pandemonium: Depths:2 Depths:3

Annotations:
Lair:3 1 runed translucent door, Iriod's ghost, journeyman VSBr


Innate Abilities, Weirdness & Mutations

You are an undead lich.
Your unarmed attacks are suffused with negative energy.
You are immune to unholy pain and torment.
Your necromantic spells are more powerful.
You cannot drink.
You are immune to poison.
You have very sharp teeth.
Your uncanny sense of smell can sniff out nearby items.
Your experience applies equally to all skills.
You are partially covered in iridescent scales. (AC +2)
Your flesh is cold resistant. (rC+)
You are robust. (+10% HP)


Message History

The bolt of lightning hits the apocalypse crab!!
Taxiarem tramples you but does no damage.
Taxiarem misses you.
The Killer Klown teases you but does no damage.
Zuraen gestures.
Zuraen's surroundings become eerily quiet.
Fewe gestures.
Fewe seems to speed up.
The Killer Klown blinks!
Taxiarem misses you.
Okay, then.
Magic scrolls do not work when you're silenced!
Unknown command.
You thrash Taxiarem!!
Taxiarem is moderately wounded.
The Killer Klown blinks!
The Killer Klown strangle-hugs you but does no damage.
Unknown command.
The Killer Klown blinks!
Zuraen gestures.
You resist with almost no effort.
The Killer Klown does a somersault.
The Killer Klown blinks!
You block Taxiarem's attack.
You block the eldritch tentacle's attack.
The eldritch tentacle claws you!!
* * * LOW HITPOINT WARNING * * *
You resist with almost no effort. The white ugly thing barely misses you.
Taxiarem barely misses you.
An iron troll comes into view.
You block the eldritch tentacle's attack.
The eldritch tentacle completely misses you.
Zuraen gestures.
You resist with almost no effort. Taxiarem tramples you!!
* * * LOW HITPOINT WARNING * * *
You stumble backwards!
A Killer Klown, a dire elephant and an elephant come into view.
The Killer Klown is wielding a +8 vampiric club.
The white ugly thing completely misses you.
You cannot cast spells when silenced!
You cannot cast spells when silenced!
Taxiarem attacks as you move away! Taxiarem tramples you!!
You die...

▓▓............
▓.∩..u..........p.Y
▓▓.....†..........Y
▓▓........H.......
▓▓.H..u..*pp..T..
▓▓pp&#.<.§.....#
▓▓.###u│p....##
▓▓&#tuw......#
▓▓&.&L.....§.
▓▓▓▓▓▓▓▓▓▓▓▓


You could see Fewe (fast, unsilenced), Taxiarem (unsilenced), Zuraen (silencing,
unsilenced), 4 Killer Klowns, an eldritch tentacle, a dire elephant (wandering),
2 very ugly things, a sphinx (wandering), an iron troll, an elephant
(wandering), 2 ugly things and an apocalypse crab (unsilenced).

Vanquished Creatures
  the Royal Jelly (Slime:5)
  An orb of fire (Zot:1)
  Mennas (Vaults:2)
  6 juggernauts
  A royal mummy (Zig:14)
  Vv (Zot:1)
  Bai Suzhen (Depths:2)
  9 caustic shrikes
  Xtahua (Crypt:1)
  4 golden dragons
  2 profane servitors
  A bone dragon (Depths:4)
  8 tentacled monstrosities
  Jorgrun (Spider:1)
  5 liches
  A Hell Sentinel (Zig:3)
  3 quicksilver dragons
  5 titans
  3 deep elf master archers (Elf:3)
  A walking frostbound tome (Depths:1)
  20 acid blobs
  3 deep elf blademasters (Elf:3)
  6 tentacled starspawn
  Asterion (Vaults:1)
  Gastronok (Lair:3)
  A kraken (Shoals:4)
  8 tengu reavers
  6 ancient champions
  6 sphinxes
  Kirke (Spider:3)
  Agnes (Elf:2)
  5 shadow dragons
  Ilsuiw (Shoals:2)
  14 storm dragons
  Donald (Shoals:4)
  3 rockslimes
  A nagaraja (Zig:8)
  A fenstrider witch (shapeshifter) (Zig:17)
  4 revenants
  3 draconian monks
  10 deep elf sorcerers
  10 azure jellies
  3 draconian knights
  12 frost giants
  3 iron dragons
  19 fire giants
  The ghost of Ostuorea the Champion of Chaos, a journeyman DsMo of Makhleb (D:15)
  Aizul (Vaults:1)
  2 draconian shifters
  11 vault wardens
  9 emperor scorpions
  A draconian scorcher (Zot:1)
  Louise (Spider:2)
  A spectral juggernaut (Crypt:3)
  2 balrugs
  4 ghost moths
  5 orc warlords
  A reaper (IceCv)
  4 curse skulls
  3 juggernaut zombies
  13 ironbound preservers
  8 ghouls
  10 quicksilver oozes
  5 deep elf elementalists (Elf:3)
  3 broodmothers
  2 draconian annihilators
  3 draconian stormcallers
  A demonspawn corrupter (Zig:15)
  29 very ugly things
  9 vampire knights
  5 deep elf demonologists
  2 black draconians (Zot:1)
  An eleionoma (Zig:12)
  23 starcursed masses
  A minotaur (shapeshifter) (Vaults:5)
  5 green draconians
  32 stone giants
  11 ironbound thunderhulks
  3 lorocyprocas
  An entropy weaver (shapeshifter) (Depths:1)
  5 entropy weavers
  5 deep elf annihilators
  7 spark wasps
  Azrael (D:14)
  7 red draconians (Zot:1)
  3 purple draconians
  A spectral titan (Crypt:3)
  A bunyip (Zig:5)
  6 dire elephants
  A white draconian (Depths:4)
  A yellow draconian (Depths:4)
  The ghost of Cyateurch the Geomancer, a journeyman GrEE of Qazlal (D:14)
  A blizzard demon (Depths:4)
  6 eidola
  4 mummy priests (Zig:14)
  13 deep elf death magi
  4 fire dragons
  8 merfolk impalers
  A crystal guardian (Vaults:1)
  4 jiangshi
  2 green deaths
  5 merfolk javelineers
  7 yaktaur captains
  13 ettins
  3 spriggan zombies
  7 great orbs of eyes
  2 shambling mangroves (Zig:12)
  10 deep elf high priests
  4 ice dragons
  15 hydras
  3 ogre magi
  A jorogumo (shapeshifter) (Vaults:5)
  3 boulder beetles
  3 spriggan air magi
  12 two-headed ogres
  A peacekeeper (Vaults:1)
  27 vault guards
  5 rakshasas
  A ghost crab (Zig:12)
  5 ironbound frosthearts
  3 jorogumos
  3 hell beasts
  A salamander tyrant (Zig:8)
  3 alligator snapping turtles
  3 radroaches
  A fenstrider witch skeleton (Crypt:1)
  8 merfolk avatars
  3 naga warriors (Zig:8)
  A spriggan skeleton (Crypt:1)
  29 centaur warriors
  3 death knights
  An anaconda (Zig:8)
  2 merfolk aquamancers
  3 deep troll shamans
  4 deep troll earth magi
  2 satyrs
  33 dancing weapons
  2 hell hogs
  A tengu warrior (Depths:1)
  3 death scarabs
  A titan zombie (Crypt:1)
  8 orc high priests
  4 thrashing horrors
  2 spriggans
  3 shock serpents
  7 spriggan berserkers
  A naga sharpshooter (Zig:6)
  14 hell knights
  9 vampire magi
  A spatial maelstrom (Zig:15)
  19 deep elf knights
  25 shadow wraiths
  8 skeletal warriors
  2 pharaoh ants
  9 wretched stars
  A sixfirhy (Zig:15)
  4 sun moths
  6 iron trolls
  A goliath frog (Zig:5)
  A salamander mystic (Depths:1)
  A golden dragon zombie (Zig:14)
  9 sea snakes
  An anaconda zombie (Crypt:3)
  39 deep trolls
  5 flayed ghosts
  4 bog bodies (Crypt:3)
  6 steelbarb worms
  15 deep elf archers
  2 swamp dragons (Zig:12)
  2 naga ritualists (Zig:6)
  3 obsidian statues
  8 orb spiders
  4 orange crystal statues
  10 orc knights
  7 glowing orange brains
  6 lindwurms
  Pikel (D:8)
  21 harpies
  A spectral hydra (Crypt:3)
  10 wizards
  12 ironbound convokers
  An anaconda skeleton (Crypt:2)
  15 necromancers
  43 deep elf pyromancers
  31 deep elf zephyrmancers
  22 phantasmal warriors
  A fire giant zombie (Vaults:5)
  A wolf spider zombie (D:15)
  10 orc sorcerers
  A broodmother zombie (Crypt:2)
  An iron giant skeleton (Crypt:3)
  2 mana vipers
  3 oklob plants
  32 ugly things
  3 fauns (Shoals:2)
  2 shadow dragon skeletons
  A tengu skeleton (Vaults:5)
  14 manticores
  15 wolf spiders
  11 shining eyes
  14 cyclopes
  2 sphinx skeletons (Zig:14)
  A will-o-the-wisp (Zig:12)
  2 worldbinders (Abyss:2)
  10 moths of wrath
  20 elephants
  15 merfolk sirens
  2 apocalypse crabs
  2 salamanders (Depths:1)
  5 water nymphs
  Joseph (D:7)
  7 torpor snails
  A spectral iron troll (Crypt:2)
  10 black mambas
  An orange demon (Abyss:2)
  2 iron dragon skeletons
  2 guardian serpents
  5 naga magi
  2 eyes of devastation (Zig:11)
  16 vault sentinels
  13 cane toads
  A water nymph (shapeshifter) (Vaults:5)
  An elephant slug zombie (Crypt:1)
  8 ice statues
  A gargoyle (D:12)
  An unseen horror (D:12)
  2 kobold demonologists
  7 rime drakes
  4 smoke demons
  9 demonic crawlers
  A dire elephant skeleton (Crypt:1)
  A hellwing (D:12)
  15 komodo dragons
  Psyche (D:8)
  6 ice devils
  A komodo dragon (shapeshifter) (D:11)
  An anaconda simulacrum (Crypt:2)
  7 freezing wraiths
  5 tengu conjurers
  4 efreet
  3 spectral nagas (Crypt:3)
  8 yaktaurs
  11 guardian mummies
  An alligator snapping turtle skeleton (Crypt:2)
  6 ancient zymes
  4 spectral deep trolls (Crypt:2)
  A harpy zombie (Crypt:1)
  4 spectral harpies (Crypt:3)
  A meliai (shapeshifter) (Vaults:5)
  3 polar bears
  A green draconian skeleton (Crypt:1)
  A pale draconian skeleton (Crypt:1)
  3 hornets
  30 merfolk
  3 meliai (D:12)
  A bloated husk (Zig:12)
  Prince Ribbit (D:5)
  15 blink frogs
  8 trolls
  A slime creature (shapeshifter) (Vaults:5)
  3 raiju
  A queen bee (D:12)
  5 wind drakes
  2 tyrant leeches (Zig:12)
  A tarantella (shapeshifter) (Vaults:5)
  A wolf spider simulacrum (D:15)
  24 tarantellas
  15 dream sheep
  A hydra skeleton (Crypt:3)
  78 slime creatures
  10 snapping turtles
  A jumping spider zombie (Crypt:3)
  An ice dragon skeleton (Crypt:2)
  19 jumping spiders
  2 ynoxinuls
  10 flying skulls
  A fire dragon skeleton (Crypt:1)
  2 air elementals
  21 culicivoras
  8 water elementals
  8 wyverns
  2 ettin skeletons (Vaults:5)
  6 shadows (Crypt:3)
  A dire elephant simulacrum (IceCv)
  A guardian serpent skeleton (Crypt:3)
  3 ushabtiu (Zig:14)
  6 basilisks
  2 hogs (Spider:3)
  9 wraiths
  17 yaks
  A human (shapeshifter) (Vaults:5)
  31 fire elementals
  3 fire bats (Depths:1)
  A chaos spawn (Zig:15)
  2 death yak simulacra (IceCv)
  A golden eye (Slime:5)
  9 large abominations
  54 redbacks
  A golden eye (shapeshifter) (D:15)
  4 steam dragons
  8 neqoxecs
  A naga zombie (Crypt:1)
  A deep troll zombie (Crypt:1)
  Menkaure (D:5)
  A demonspawn zombie (Crypt:1)
  A harpy simulacrum (IceCv)
  4 wargs
  2 nagas
  An acid dragon (D:12)
  Duvessa (D:5)
  4 hell hounds
  14 water moccasins
  3 floating eyes
  A sky beast (shapeshifter) (D:13)
  A faun skeleton (Crypt:1)
  A hornet zombie (D:9)
  57 orc warriors
  A black bear (shapeshifter) (D:14)
  A sky beast (D:7)
  2 black bears
  3 ice beasts
  11 ogres
  8 wolves
  A manticore skeleton (Crypt:3)
  17 centaurs
  4 lemures (D:8)
  6 kobold brigands
  A rime drake skeleton (Crypt:2)
  4 necrophages
  10 bullfrogs
  2 elf zombies (Ossuary)
  2 gnoll sergeants
  A two-headed ogre simulacrum (IceCv)
  11 earth elementals
  2 scorpions
  A draconian zombie (Crypt:2)
  2 cane toad simulacra
  15 wights
  A warg zombie (Crypt:2)
  2 cyclops skeletons
  Dowan (D:5)
  7 small abominations
  2 elephant simulacra (IceCv)
  30 killer bees
  7 howler monkeys
  7 electric eels
  2 crimson imps (Abyss:2)
  A bullfrog zombie (Crypt:3)
  A centaur zombie (Ossuary)
  5 human zombies
  28 orc priests
  4 quasits
  4 centaur skeletons
  8 hounds
  An iron imp (Abyss:2)
  A human skeleton (Crypt:1)
  Jessica (D:2)
  32 orc wizards
  3 scorpion zombies (D:4)
  2 iguanas
  2 spriggan simulacra (IceCv)
  2 troll simulacra (IceCv)
  2 polar bear simulacra
  2 wolf simulacra
  A killer bee zombie (D:9)
  An acid dragon zombie (Crypt:2)
  A deep dwarf skeleton (Crypt:1)
  5 hound zombies
  14 mummies
  A spectral howler monkey (D:9)
  A howler monkey zombie (D:4)
  17 gnolls
  3 adders
  4 naga simulacra
  A swamp drake skeleton (Crypt:2)
  6 shadow imps
  6 white imps
  6 ufetubi
  An adder skeleton (Crypt:1)
  6 adder zombies
  A dart slug (D:2)
  138 orcs
  A bat skeleton (Crypt:3)
  7 endoplasms
  7 giant cockroaches
  25 goblins
  11 hobgoblins
  4 jackals (D:5)
  3 quokkas
  A river rat zombie (Crypt:3)
  4 ball pythons
  3 bats
  3 frilled lizards
  A goblin zombie (Ossuary)
  3 hobgoblin zombies (Ossuary)
  2 jackal zombies (Ossuary)
  19 kobolds
  7 kobold zombies (Ossuary)
  An orc zombie (Ossuary)
  8 quokka zombies
  6 rats
  4 rat zombies (Ossuary)
  3 starspawn tentacles (Abyss:2)
2617 creatures vanquished.

Vanquished Creatures (collateral kills)
  A dread lich (Vaults:5)
  The ghost of Kuomush the Cloud Mage, a veteran DgAE (Vaults:3)
  A tentacled monstrosity (Zot:1)
  An acid blob (Slime:5)
  A storm dragon (Vaults:5)
  A rockslime (Slime:3)
  3 tengu reavers
  An azure jelly (Slime:1)
  A draconian monk (Zig:10)
  A revenant (Crypt:3)
  2 iron dragons (Vaults:5)
  2 vault wardens
  A draconian scorcher (Zig:10)
  2 fire giants
  An ironbound preserver (Vaults:3)
  3 very ugly things
  A war gargoyle (Vaults:2)
  2 stone giants (Zig:7)
  An ironbound thunderhulk (Vaults:4)
  A green draconian (Zig:10)
  A juggernaut skeleton (Abyss:4)
  A vampire knight (Crypt:3)
  A black draconian (Zot:1)
  2 dire elephants (Vaults:2)
  3 red draconians
  A purple draconian (Zig:10)
  2 bunyips
  A yellow draconian (Zot:1)
  A crystal guardian (Vaults:2)
  An eidolon (Crypt:3)
  An ettin (shapeshifter) (Vaults:5)
  4 ettins
  2 yaktaur captains
  3 hydras
  An ice dragon (Depths:4)
  A peacekeeper (Vaults:2)
  An ironbound frostheart (Vaults:3)
  A centaur warrior (Vaults:2)
  A thrashing horror (Abyss:4)
  A deep elf knight (Vaults:2)
  A hell knight (Depths:1)
  An iron troll (Depths:1)
  A skeletal warrior (Crypt:2)
  A shadow wraith (Crypt:3)
  A glowing orange brain (Abyss:2)
  A death drake (Zig:12)
  A flayed ghost (Depths:2)
  An obsidian statue (Vaults:3)
  10 deep trolls
  A deep elf archer (Vaults:2)
  2 orange crystal statues
  3 phantasmal warriors
  A will-o-the-wisp (Zig:12)
  3 ugly things
  A worldbinder (Abyss:4)
  A moth of wrath (Zig:7)
  2 black mambas (Zig:8)
  An ice statue (Zig:2)
  An eye of devastation (Zig:11)
  3 vault sentinels
  A tengu conjurer (Depths:2)
  A yaktaur (Vaults:2)
  5 starcursed masses (Abyss:2)
  A freezing wraith (Vaults:5)
  An ancient zyme (Abyss:2)
  18 slime creatures
  A raiju (Zig:15)
  A hornet (Zig:5)
  3 flying skulls (Crypt:3)
  A shadow (Crypt:3)
  2 fire elementals (Zig:9)
  A neqoxec (Abyss:4)
  A chaos spawn (Abyss:2)
  A faun zombie (Crypt:1)
  2 wargs (Zig:7)
  2 hell hounds
  2 orc warriors
  3 small abominations (Abyss:4)
  A necrophage (Crypt:3)
  An orc (Vaults:5)
  A bat skeleton (Crypt:1)
  A giant cockroach zombie (Crypt:1)
  2 starspawn tentacles (Abyss:2)
148 creatures vanquished.

Vanquished Creatures (others)
  A sphinx (shapeshifter) (Zig:17)
  A draconian knight (Zig:10)
  A frost giant (Depths:4)
  A bunyip (Zig:12)
  An alligator (Zig:12)
  A thrashing horror (D:14)
  A death drake (Zig:12)
  A swamp dragon (Zig:12)
  A deep elf pyromancer (Elf:3)
  A slime creature (Zig:11)
  A glowing shapeshifter simulacrum (Zig:15)
  An ufetubus (Abyss:2)
  A bush (Lair:3)
  4 foxfires (Zig:12)
  34 fungi
  91 plants
  11 starspawn tentacles
  2 tentacles (Shoals:4)
  A withered plant (D:4)
156 creatures vanquished.

Grand Total: 2921 creatures vanquished

Notes
Turn   | Place    | Note
-------+----------+-------------------------------------------
     0 | D:1      | Ijustatesigmund the Gnoll Conjurer began the quest for the
                  | Orb.
     0 | D:1      | Reached XP level 1. HP: 13/13 MP: 6/6
   170 | D:1      | Reached XP level 2. HP: 19/19 MP: 5/7
   310 | D:1      | Learned a level 2 spell: Searing Ray
  1236 | D:2      | Reached XP level 3. HP: 25/25 MP: 7/9
  1265 | D:2      | Reached skill level 5 in Spellcasting
  1358 | D:2      | Noticed Jessica
  1365 | D:2      | Reached skill level 1 in Invocations
  1829 | D:2      | Reached skill level 1 in Fighting
  1829 | D:2      | Reached skill level 1 in Short Blades
  1829 | D:2      | Reached skill level 1 in Long Blades
  1829 | D:2      | Reached skill level 1 in Axes
  1829 | D:2      | Reached skill level 1 in Maces & Flails
  1829 | D:2      | Reached skill level 1 in Polearms
  1829 | D:2      | Reached skill level 1 in Staves
  1829 | D:2      | Reached skill level 1 in Slings
  1829 | D:2      | Reached skill level 1 in Bows
  1829 | D:2      | Reached skill level 1 in Crossbows
  1829 | D:2      | Reached skill level 1 in Throwing
  1829 | D:2      | Reached skill level 1 in Armour
  1829 | D:2      | Reached skill level 1 in Shields
  1829 | D:2      | Reached skill level 1 in Unarmed Combat
  1829 | D:2      | Reached skill level 1 in Evocations
  1854 | D:2      | Killed Jessica
  1855 | D:2      | Reached XP level 4. HP: 32/32 MP: 6/11
  2144 | D:2      | Reached skill level 1 in Hexes
  2144 | D:2      | Reached skill level 1 in Summonings
  2144 | D:2      | Reached skill level 1 in Necromancy
  2144 | D:2      | Reached skill level 1 in Translocations
  2144 | D:2      | Reached skill level 1 in Transmutations
  2144 | D:2      | Reached skill level 1 in Fire Magic
  2144 | D:2      | Reached skill level 1 in Ice Magic
  2144 | D:2      | Reached skill level 1 in Air Magic
  2144 | D:2      | Reached skill level 1 in Earth Magic
  2144 | D:2      | Reached skill level 1 in Poison Magic
  2155 | D:2      | Reached XP level 5. HP: 37/37 MP: 7/12
  2473 | D:3      | Noticed a black bear
  2490 | D:3      | Killed a black bear
  2493 | D:3      | Reached XP level 6. HP: 44/44 MP: 2/14
  2681 | D:3      | Reached skill level 5 in Dodging
  2752 | D:3      | Reached skill level 2 in Staves
  3347 | D:3      | Found a hazy altar of Hepliaklqana.
  3791 | D:4      | Found a transporter.
  4082 | D:4      | Found a transporter.
  4105 | D:4      | Found a hide-covered altar of Uskayaw.
  4188 | D:4      | Found a sacrificial altar of Ru.
  4278 | D:4      | Reached XP level 7. HP: 50/50 MP: 6/15
  4596 | D:4      | Found a glowing silver altar of Zin.
  4928 | D:4      | Found a bloodstained altar of Trog.
  4941 | D:4      | Reached skill level 5 in Stealth
  5108 | D:4      | Identified the +0 ring mail "Areribre" {Str+2 Stlth+}
  5585 | D:4      | Reached XP level 8. HP: 44/57 MP: 1/16
  5895 | D:5      | Entered Level 5 of the Dungeon
  5904 | D:5      | Reached skill level 3 in Staves
  5996 | D:5      | Noticed Dowan
  5998 | D:5      | Noticed Duvessa
  6074 | D:5      | Noticed Menkaure
  6126 | D:5      | Killed Duvessa
  6147 | D:5      | Found a sand-covered staircase.
  6154 | Ossuary  | Entered an ossuary
  7667 | Ossuary  | Reached XP level 9. HP: 53/65 MP: 3/18
  7899 | D:5      | Killed Dowan
  7921 | D:5      | Learned a level 2 spell: Poisonous Vapours
  7925 | D:5      | Learned a level 3 spell: Ignite Poison
  7928 | D:5      | Found an iron altar of Okawaru.
  7985 | D:5      | Found Sykoak's Magic Scroll Emporium.
  7990 | D:5      | Bought a scroll of magic mapping for 42 gold pieces
  7990 | D:5      | Bought a scroll of identify for 24 gold pieces
  7990 | D:5      | Bought a scroll of fear for 42 gold pieces
  7990 | D:5      | Bought a scroll of identify for 24 gold pieces
  7990 | D:5      | Bought a scroll of identify for 24 gold pieces
  7990 | D:5      | Bought a scroll of amnesia for 42 gold pieces
  7990 | D:5      | Bought a scroll of poison for 42 gold pieces
  8078 | D:5      | Reached skill level 4 in Staves
  8372 | D:5      | Noticed Prince Ribbit
  8379 | D:5      | Killed Prince Ribbit
  8436 | D:5      | Killed Menkaure
  9492 | D:6      | Reached skill level 5 in Invocations
 10079 | D:7      | Found Sunuoch's Book Shoppe.
 10148 | D:7      | Found a staircase to the Ecumenical Temple.
 10215 | Temple   | Entered the Ecumenical Temple
 10292 | Temple   | Became a worshipper of Cheibriados the Contemplative
 10914 | D:7      | Noticed Joseph
 10920 | D:7      | Killed Joseph
 10921 | D:7      | Reached XP level 10. HP: 56/73 MP: 10/20
 10926 | D:7      | Learned a level 4 spell: Olgreb's Toxic Radiance
 11017 | D:7      | Reached skill level 5 in Fighting
 11017 | D:7      | Reached skill level 5 in Short Blades
 11017 | D:7      | Reached skill level 5 in Long Blades
 11017 | D:7      | Reached skill level 5 in Axes
 11017 | D:7      | Reached skill level 5 in Maces & Flails
 11017 | D:7      | Reached skill level 5 in Polearms
 11017 | D:7      | Reached skill level 5 in Staves
 11017 | D:7      | Reached skill level 5 in Slings
 11017 | D:7      | Reached skill level 5 in Bows
 11017 | D:7      | Reached skill level 5 in Crossbows
 11017 | D:7      | Reached skill level 5 in Throwing
 11017 | D:7      | Reached skill level 5 in Armour
 11017 | D:7      | Reached skill level 5 in Shields
 11017 | D:7      | Reached skill level 5 in Unarmed Combat
 11017 | D:7      | Reached skill level 5 in Evocations
 11445 | D:8      | Found a staircase to the Lair.
 11486 | D:8      | Reached * piety under Cheibriados
 11524 | D:8      | Found a flagged portal.
 11535 | Bailey   | Entered a bailey
 12172 | Bailey   | Reached ** piety under Cheibriados
 12493 | Bailey   | Noticed an orc knight
 12499 | Bailey   | Killed an orc knight
 12787 | Bailey   | Noticed an orc warlord
 13024 | D:8      | Noticed Psyche
 13027 | D:8      | Killed Psyche
 13077 | D:8      | Acquired the +3 hat of Pondering {ponderous, Will+ MP+10
                  | Int+5}
 13077 | D:8      | Found the +3 hat of Pondering {ponderous, Will+ MP+10
                  | Int+5}
 13450 | D:8      | Reached *** piety under Cheibriados
 13451 | D:8      | Reached XP level 11. HP: 56/81 MP: 14/22
 14301 | D:8      | Noticed Pikel
 14305 | D:8      | Killed Pikel
 14306 | D:8      | Reached skill level 6 in Staves
 14306 | D:8      | Reached skill level 5 in Hexes
 14306 | D:8      | Reached skill level 5 in Summonings
 14306 | D:8      | Reached skill level 5 in Necromancy
 14306 | D:8      | Reached skill level 5 in Translocations
 14306 | D:8      | Reached skill level 5 in Transmutations
 14306 | D:8      | Reached skill level 5 in Fire Magic
 14306 | D:8      | Reached skill level 5 in Ice Magic
 14306 | D:8      | Reached skill level 5 in Air Magic
 14306 | D:8      | Reached skill level 5 in Earth Magic
 14306 | D:8      | Reached skill level 5 in Poison Magic
 15170 | D:9      | Noticed a six-headed hydra
 15172 | D:9      | Reached **** piety under Cheibriados
 15326 | D:9      | Learned a level 6 spell: Iron Shot
 15379 | D:9      | Noticed a boulder beetle
 15384 | D:9      | Killed a boulder beetle
 15532 | D:10     | Entered Level 10 of the Dungeon
 15941 | D:9      | Reached ***** piety under Cheibriados
 16061 | D:9      | Found a staircase to the Orcish Mines.
 16145 | D:9      | Killed a six-headed hydra
 16319 | D:9      | Noticed a manticore
 16323 | D:9      | Killed a manticore
 16952 | D:10     | Found a glowing golden altar of the Shining One.
 16957 | D:10     | Found a radiant altar of Vehumet.
 16963 | D:10     | Found a shimmering altar of Xom.
 17736 | D:11     | Noticed a cyclops
 17740 | D:11     | Killed a cyclops
 17808 | D:11     | Noticed a two-headed ogre
 17811 | D:11     | Killed a two-headed ogre
 17890 | D:11     | Reached XP level 12. HP: 89/89 MP: 13/24
 18482 | D:12     | Reached skill level 7 in Staves
 18571 | D:12     | Noticed an ogre mage
 18571 | D:12     | Noticed a two-headed ogre
 18571 | D:12     | Noticed a two-headed ogre
 18571 | D:12     | Noticed a two-headed ogre
 18573 | D:12     | Killed a two-headed ogre
 18576 | D:12     | Killed a two-headed ogre
 18577 | D:12     | Killed an ogre mage
 18578 | D:12     | Killed a two-headed ogre
 19274 | D:12     | Reached ****** piety under Cheibriados
 19482 | D:12     | Noticed a two-headed ogre
 19486 | D:12     | Killed a two-headed ogre
 20333 | D:12     | Noticed a two-headed ogre
 20337 | D:12     | Killed a two-headed ogre
 20338 | D:12     | Reached XP level 13. HP: 98/98 MP: 18/26
 20921 | D:13     | Reached skill level 8 in Staves
 22104 | D:13     | Reached skill level 10 in Conjurations
 22590 | D:13     | Found a gate to the Vaults.
 22727 | Lair:1   | Entered Level 1 of the Lair of Beasts
 23849 | Lair:1   | Acquired 922 gold pieces
 24290 | Lair:2   | Reached skill level 10 in Spellcasting
 25211 | Lair:3   | Found a hole to the Spider Nest.
 25704 | Lair:3   | Reached skill level 10 in Dodging
 25815 | Lair:3   | Noticed Gastronok
 25819 | Lair:3   | Reached XP level 14. HP: 106/106 MP: 17/28
 25822 | Lair:3   | Killed Gastronok
 26011 | Lair:3   | Found a staircase to the Shoals.
 26020 | Lair:3   | Reached skill level 9 in Staves
 26424 | Lair:3   | Reached skill level 10 in Stealth
 26436 | Lair:3   | Found a runed translucent door.
 26738 | Lair:3   | Found a shimmering altar of Xom.
 26738 | Lair:3   | Noticed Iriod's ghost (journeyman VSBr)
 27305 | Lair:4   | Reached skill level 10 in Invocations
 27324 | Lair:4   | Found a frozen archway.
 27380 | IceCv    | Entered an ice cave
 27388 | IceCv    | Learned a level 4 spell: Sticky Flame
 29225 | IceCv    | Noticed a reaper
 29272 | IceCv    | Killed a reaper
 30053 | Lair:4   | Found the +1 robe of Vines {NoPotionHeal Regen++++}
 32829 | Lair:6   | Entered Level 6 of the Lair of Beasts
 32845 | Lair:6   | Reached XP level 15. HP: 63/115 MP: 29/29
 33085 | Lair:6   | Reached skill level 10 in Fighting
 33085 | Lair:6   | Reached skill level 10 in Short Blades
 33085 | Lair:6   | Reached skill level 10 in Long Blades
 33085 | Lair:6   | Reached skill level 10 in Axes
 33085 | Lair:6   | Reached skill level 10 in Maces & Flails
 33085 | Lair:6   | Reached skill level 10 in Polearms
 33085 | Lair:6   | Reached skill level 10 in Staves
 33085 | Lair:6   | Reached skill level 10 in Slings
 33085 | Lair:6   | Reached skill level 10 in Bows
 33085 | Lair:6   | Reached skill level 10 in Crossbows
 33085 | Lair:6   | Reached skill level 10 in Throwing
 33085 | Lair:6   | Reached skill level 10 in Armour
 33085 | Lair:6   | Reached skill level 10 in Shields
 33085 | Lair:6   | Reached skill level 10 in Unarmed Combat
 33085 | Lair:6   | Reached skill level 10 in Evocations
 33395 | Lair:6   | Found a staircase to the Slime Pits.
 34035 | Lair:6   | Identified the +0 spear of Compassion {venom, rPois rN+}
 35100 | D:14     | Noticed Azrael
 35368 | D:14     | Found a one-way gate to the infinite horrors of the Abyss.
 35368 | D:14     | Noticed Cyateurch's ghost (journeyman GrEE)
 35369 | D:14     | Noticed a profane servitor
 35397 | D:14     | Found a transporter.
 35431 | D:14     | Identified the +0 pair of gloves of Elitism {Contam Harm
                  | rElec}
 35643 | D:14     | Killed Azrael
 35915 | D:14     | Found a transporter.
 35953 | D:14     | Found an ornate altar of the Wu Jian Council.
 36254 | Orc:1    | Entered Level 1 of the Orcish Mines
 36576 | Orc:2    | Entered Level 2 of the Orcish Mines
 36603 | Orc:2    | Noticed an orc warlord
 36611 | Orc:2    | Killed an orc warlord
 36754 | Orc:2    | Found a staircase to the Elven Halls.
 37002 | Orc:2    | Reached XP level 16. HP: 119/123 MP: 11/31
 37129 | Orc:2    | Found Jibbommer's Assorted Antiques.
 37129 | Orc:2    | Found Osubel's Antique Weapon Emporium.
 37131 | Orc:2    | Found Sonoplul's Weapon Boutique.
 37131 | Orc:2    | Found Futyamum's Magic Scroll Emporium.
 37140 | Orc:2    | Bought a scroll of teleportation for 39 gold pieces
 37140 | Orc:2    | Bought a scroll of fog for 26 gold pieces
 37140 | Orc:2    | Bought a scroll of teleportation for 39 gold pieces
 37140 | Orc:2    | Bought a scroll of magic mapping for 45 gold pieces
 37143 | Orc:2    | Bought a pair of ichor-stained gloves for 256 gold pieces
 37143 | Orc:2    | Identified the +1 pair of gloves of Good Intentions {rC+
                  | Str+3 Slay+2} (You bought it in a shop on level 2 of the
                  | Orcish Mines)
 38273 | Orc:2    | Bought a dented citrine amulet for 135 gold pieces
 38273 | Orc:2    | Bought 2 potions of cancellation for 432 gold pieces
 38575 | Spider:1 | Entered Level 1 of the Spider Nest
 38575 | Spider:1 | Noticed Jorgrun
 38581 | Spider:1 | Killed Jorgrun
 38960 | Spider:1 | Learned a level 6 spell: Statue Form
 39955 | Spider:1 | Reached skill level 11 in Staves
 40185 | Spider:2 | Noticed Louise
 40189 | Spider:2 | Killed Louise
 42503 | Spider:3 | Noticed Kirke
 42509 | Spider:3 | Killed Kirke
 42756 | Spider:4 | Entered Level 4 of the Spider Nest
 43361 | Shoals:1 | Entered Level 1 of the Shoals
 43366 | Shoals:1 | Reached XP level 17. HP: 131/131 MP: 24/33
 44474 | Shoals:1 | Gained mutation: You tend to lose your temper in combat.
                  | [potion of mutation]
 44474 | Shoals:1 | Gained mutation: You are robust. (+10% HP) [potion of
                  | mutation]
 44474 | Shoals:1 | Gained mutation: You are weak. (Str -2) [potion of
                  | mutation]
 44474 | Shoals:1 | Gained mutation: Your skin changes colour to match your
                  | surroundings (Stealth+). [potion of mutation]
 44475 | Shoals:1 | Lost mutation: You tend to lose your temper in combat.
                  | [potion of mutation]
 44475 | Shoals:1 | Lost mutation: You are weak. (Str -2) [potion of mutation]
 44475 | Shoals:1 | Gained mutation: Your skin blends seamlessly with your
                  | surroundings (Stealth++). [potion of mutation]
 44531 | Shoals:2 | Noticed Ilsuiw
 45158 | Shoals:2 | Identified the +7 war axe of the Shoals {protect, rC+ Will+
                  | Dex+3}
 45171 | Shoals:2 | Killed Ilsuiw
 46273 | Shoals:2 | Reached skill level 10 in Hexes
 46273 | Shoals:2 | Reached skill level 10 in Summonings
 46273 | Shoals:2 | Reached skill level 10 in Necromancy
 46273 | Shoals:2 | Reached skill level 10 in Translocations
 46273 | Shoals:2 | Reached skill level 10 in Transmutations
 46273 | Shoals:2 | Reached skill level 10 in Fire Magic
 46273 | Shoals:2 | Reached skill level 10 in Ice Magic
 46273 | Shoals:2 | Reached skill level 10 in Air Magic
 46273 | Shoals:2 | Reached skill level 10 in Earth Magic
 46273 | Shoals:2 | Reached skill level 10 in Poison Magic
 47104 | Shoals:4 | Entered Level 4 of the Shoals
 47327 | Shoals:4 | Noticed a kraken
 47337 | Shoals:4 | Killed a kraken
 47338 | Shoals:4 | Reached skill level 12 in Staves
 47527 | Shoals:4 | Got a barnacled rune of Zot
 47623 | Shoals:4 | Noticed Donald
 47629 | Shoals:4 | Killed Donald
 47999 | Shoals:4 | Reached XP level 18. HP: 154/154 MP: 35/35
 48249 | Shoals:4 | Got the Collected Works on Feathers and Stones
 48920 | Shoals:4 | Found the ring of the Octopus King
 48925 | Shoals:4 | Identified a ring of the Octopus King {Fly AC+1 EV+1 Str+1
                  | Int+1 Dex+1}
 49607 | Lair:1   | Learned a level 5 spell: Borgnjor's Vile Clutch
 49785 | D:15     | Entered Level 15 of the Dungeon
 50099 | D:15     | Noticed Ostuorea's ghost (journeyman DsMo)
 50290 | D:15     | Found a transporter.
 50336 | D:15     | Found a transporter.
 50351 | D:15     | Gained mutation: Your spells are a little harder to cast,
                  | but a little more powerful. [a neqoxec]
 50353 | D:15     | Gained mutation: You tend to lose your temper in combat. [a
                  | neqoxec]
 50359 | D:15     | Gained mutation: You often lose your temper in combat. [a
                  | neqoxec]
 50362 | D:15     | Gained mutation: You are weak. (Str -2) [a neqoxec]
 50373 | D:15     | Killed Ostuorea's ghost
 50421 | D:15     | Lost mutation: You often lose your temper in combat.
                  | [potion of mutation]
 50421 | D:15     | Lost mutation: Your spells are a little harder to cast, but
                  | a little more powerful. [potion of mutation]
 50421 | D:15     | Lost mutation: You tend to lose your temper in combat.
                  | [potion of mutation]
 50421 | D:15     | Lost mutation: You are weak. (Str -2) [potion of mutation]
 50421 | D:15     | Gained mutation: You do not regenerate when monsters are
                  | visible. [potion of mutation]
 50421 | D:15     | Gained mutation: You are agile. (Dex +2) [potion of
                  | mutation]
 50422 | D:15     | Lost mutation: You are robust. (+10% HP) [potion of
                  | mutation]
 50422 | D:15     | Lost mutation: Your skin blends seamlessly with your
                  | surroundings (Stealth++). [potion of mutation]
 50422 | D:15     | Lost mutation: Your skin changes colour to match your
                  | surroundings (Stealth+). [potion of mutation]
 50422 | D:15     | Gained mutation: Your spells are a little easier to cast,
                  | but a little less powerful. [potion of mutation]
 50422 | D:15     | Gained mutation: You have a pair of small antennae on your
                  | head. [potion of mutation]
 50423 | D:15     | Lost mutation: You are agile. (Dex +2) [potion of mutation]
 50423 | D:15     | Lost mutation: You do not regenerate when monsters are
                  | visible. [potion of mutation]
 50423 | D:15     | Gained mutation: Your mind is acute. (Int +2) [potion of
                  | mutation]
 50423 | D:15     | Gained mutation: You are partially covered in iridescent
                  | scales. (AC +2) [potion of mutation]
 50424 | D:15     | Lost mutation: You are partially covered in iridescent
                  | scales. (AC +2) [potion of mutation]
 50424 | D:15     | Lost mutation: Your mind is acute. (Int +2) [potion of
                  | mutation]
 50424 | D:15     | Gained mutation: You have sharp toenails. [potion of
                  | mutation]
 50734 | D:14     | Killed a profane servitor
 50782 | D:14     | Killed Cyateurch's ghost
 51083 | Vaults:1 | Entered Level 1 of the Vaults
 51652 | Vaults:1 | Noticed Aizul
 51653 | Vaults:1 | Noticed Asterion
 51672 | Vaults:1 | Killed Asterion
 52596 | Vaults:1 | Reached XP level 19. HP: 148/148 MP: 30/36
 52887 | Vaults:1 | Lost mutation: You have sharp toenails. [potion of
                  | mutation]
 52887 | Vaults:1 | Lost mutation: Your spells are a little easier to cast, but
                  | a little less powerful. [potion of mutation]
 52887 | Vaults:1 | Gained mutation: Your flesh is heat resistant. (rF+)
                  | [potion of mutation]
 52887 | Vaults:1 | Gained mutation: Your body sometimes deteriorates upon
                  | taking damage. [potion of mutation]
 52887 | Vaults:1 | Gained mutation: You are dopey. (Int -2) [potion of
                  | mutation]
 52887 | Vaults:1 | Gained mutation: You are somewhat resistant to further
                  | mutation. [potion of mutation]
 53332 | Vaults:2 | Noticed Mennas
 53459 | Vaults:2 | Found Diudd's Distillery.
 53467 | Vaults:2 | Bought a potion of lignification for 42 gold pieces
 53467 | Vaults:2 | Bought a potion of heal wounds for 70 gold pieces
 53467 | Vaults:2 | Bought a potion of lignification for 42 gold pieces
 53467 | Vaults:2 | Bought a potion of brilliance for 56 gold pieces
 53467 | Vaults:2 | Bought a potion of curing for 42 gold pieces
 53467 | Vaults:2 | Bought 2 potions of might for 112 gold pieces
 53467 | Vaults:2 | Bought a potion of curing for 42 gold pieces
 53708 | Vaults:1 | Killed Aizul
 54215 | Elf:1    | Entered Level 1 of the Elven Halls
 54557 | Elf:1    | Reached skill level 13 in Staves
 56535 | Elf:2    | Paralysed by an air elemental for 1 turns
 57059 | Elf:2    | Found a runed translucent gate.
 57059 | Elf:2    | Found a runed translucent gate.
 57059 | Elf:2    | Found a runed translucent gate.
 57069 | Elf:2    | Noticed Agnes
 57078 | Elf:2    | Killed Agnes
 57777 | Elf:2    | Reached XP level 20. HP: 157/157 MP: 36/38
 58411 | Elf:3    | Entered Level 3 of the Elven Halls
 60317 | Shoals:1 | Identified the +0 cloak of Indomitability {rPois rC+ rCorr
                  | Int+3}
 60672 | Elf:3    | Identified the amulet "Hecit" {rF+ rC++ Regen+ Int+3}
 60869 | Elf:3    | Reached skill level 15 in Invocations
 61455 | Elf:3    | Identified the +1 leather armour "Ereob" {Harm Will+++
                  | Stlth-}
 61477 | Elf:3    | Identified the +2 leather armour of the Wary Riding Demons
                  | {Int+3}
 61543 | Elf:3    | Identified the +4 robe of the Armadillo {*Slow Will++
                  | Str+5}
 61543 | Elf:3    | Identified the ring "Arutygui" {rF+ rN+ Str+6}
 61632 | Elf:3    | Identified the +9 dagger "Wuzinoal" {drain, rC+ Will-
                  | Str+7}
 61632 | Elf:3    | Identified the ring of Qyoduax {Str+7 Int+6}
 61650 | Elf:3    | Reached skill level 14 in Staves
 61770 | Elf:3    | Got the Almanac of Quantum Clay
 63657 | Spider:4 | Reached XP level 21. HP: 165/165 MP: 39/39
 64129 | Spider:4 | Reached skill level 15 in Spellcasting
 64565 | Spider:4 | Upgraded the game from 0.29-a0-393-g47a863cc1b to
                  | 0.29-a0-397-g846e4a0bbc
 64706 | Spider:4 | Got a gossamer rune of Zot
 64897 | Spider:4 | Learned a level 5 spell: Freezing Cloud
 64905 | Spider:4 | Learned a level 7 spell: Spellforged Servitor
 65508 | Vaults:2 | Killed Mennas
 65572 | Vaults:2 | Reached skill level 15 in Dodging
 65740 | Vaults:2 | Found Vieqoce's Distillery.
 65745 | Vaults:2 | Found Riwomopt's Distillery.
 65753 | Vaults:2 | Bought a potion of heal wounds for 105 gold pieces
 65753 | Vaults:2 | Bought a potion of curing for 63 gold pieces
 65753 | Vaults:2 | Bought a potion of heal wounds for 105 gold pieces
 65753 | Vaults:2 | Bought a potion of curing for 63 gold pieces
 66097 | Vaults:2 | Reached skill level 15 in Stealth
 66900 | Vaults:3 | Found a runed translucent gate.
 66900 | Vaults:3 | Found a runed translucent gate.
 66900 | Vaults:3 | Found an opulent altar of Gozag.
 66900 | Vaults:3 | Found a runed translucent gate.
 66901 | Vaults:3 | Found Dunuos's Assorted Antiques.
 66923 | Vaults:3 | Found a staircase to the Crypt.
 66923 | Vaults:3 | Found a basalt altar of Yredelemnul.
 66996 | Vaults:3 | Found an ancient bone altar of Kikubaaqudgha.
 67874 | Vaults:3 | Found Hinalef's Antique Weapon Shop.
 68340 | Vaults:3 | Found Izapluef's Assorted Antiques.
 68340 | Vaults:3 | Noticed Kuomush's ghost (veteran DgAE)
 68357 | Vaults:3 | Killed Kuomush's ghost
 69084 | Vaults:4 | Reached XP level 22. HP: 174/174 MP: 41/41
 70161 | Vaults:5 | Entered Level 5 of the Vaults
 70166 | Vaults:5 | Reached skill level 15 in Fighting
 70166 | Vaults:5 | Reached skill level 15 in Short Blades
 70166 | Vaults:5 | Reached skill level 15 in Long Blades
 70166 | Vaults:5 | Reached skill level 15 in Axes
 70166 | Vaults:5 | Reached skill level 15 in Maces & Flails
 70166 | Vaults:5 | Reached skill level 15 in Polearms
 70166 | Vaults:5 | Reached skill level 15 in Staves
 70166 | Vaults:5 | Reached skill level 15 in Slings
 70166 | Vaults:5 | Reached skill level 15 in Bows
 70166 | Vaults:5 | Reached skill level 15 in Crossbows
 70166 | Vaults:5 | Reached skill level 15 in Throwing
 70166 | Vaults:5 | Reached skill level 15 in Armour
 70166 | Vaults:5 | Reached skill level 15 in Shields
 70166 | Vaults:5 | Reached skill level 15 in Unarmed Combat
 70166 | Vaults:5 | Reached skill level 15 in Evocations
 70876 | Vaults:5 | Noticed a golden dragon
 70883 | Vaults:5 | Killed a golden dragon
 71635 | Vaults:5 | Paralysed by a jorogumo for 3 turns
 71928 | Vaults:5 | Identified the +9 morningstar of Immorality {vamp, MP-9
                  | Str+4 Int+4}
 72080 | Vaults:5 | Identified the +2 quarterstaff "Offy" {flame, Contam rC+
                  | Int+3 Dex+2}
 72119 | Vaults:5 | Reached XP level 23. HP: 167/182 MP: 38/43
 72310 | Vaults:5 | Noticed a golden dragon
 72318 | Vaults:5 | Killed a golden dragon
 72444 | Vaults:5 | Noticed a dread lich
 72450 | Vaults:5 | Killed a dread lich
 72816 | Vaults:5 | Identified the +12 hunting sling of Hoafun {vorpal, Fragile
                  | rF- Dex+8 SInv}
 72896 | Vaults:5 | Identified the +7 arbalest of Ereriah {speed, +Blink rC++
                  | rCorr Int+3}
 72907 | Vaults:5 | Noticed a golden dragon
 72924 | Vaults:5 | Killed a golden dragon
 73211 | Vaults:5 | Found Vurhot's Magic Scroll Shoppe.
 73216 | Vaults:5 | Bought a scroll of immolation for 70 gold pieces
 73216 | Vaults:5 | Bought a scroll of teleportation for 60 gold pieces
 73216 | Vaults:5 | Bought a scroll of blinking for 150 gold pieces
 73216 | Vaults:5 | Bought a scroll of fog for 40 gold pieces
 73216 | Vaults:5 | Bought a scroll of poison for 70 gold pieces
 73216 | Vaults:5 | Bought a scroll of acquirement for 1040 gold pieces
 73218 | Vaults:5 | Acquired 800 gold pieces
 73253 | Vaults:5 | Found Tamyir's Magic Scroll Shoppe.
 73253 | Vaults:5 | Found Qacih's Magic Scroll Boutique.
 73258 | Vaults:5 | Bought a scroll of acquirement for 1092 gold pieces
 73258 | Vaults:5 | Bought a scroll of fog for 42 gold pieces
 73258 | Vaults:5 | Bought a scroll of teleportation for 63 gold pieces
 73258 | Vaults:5 | Bought a scroll of blinking for 157 gold pieces
 73260 | Vaults:5 | Acquired 1083 gold pieces
 73269 | Vaults:5 | Bought a scroll of teleportation for 48 gold pieces
 73276 | Vaults:5 | Found Koethryat's Magic Scroll Boutique.
 73276 | Vaults:5 | Found Haenulitz's Distillery.
 73281 | Vaults:5 | Bought 3 scrolls of teleportation for 126 gold pieces
 73281 | Vaults:5 | Bought a scroll of fog for 28 gold pieces
 73281 | Vaults:5 | Bought a scroll of magic mapping for 49 gold pieces
 73281 | Vaults:5 | Bought a scroll of poison for 49 gold pieces
 73287 | Vaults:5 | Found Ylehen's Distillery.
 73288 | Vaults:5 | Bought a potion of mutation for 80 gold pieces
 73288 | Vaults:5 | Bought a potion of brilliance for 40 gold pieces
 73288 | Vaults:5 | Bought a potion of curing for 30 gold pieces
 73288 | Vaults:5 | Bought a potion of curing for 30 gold pieces
 73288 | Vaults:5 | Bought a potion of curing for 30 gold pieces
 73288 | Vaults:5 | Bought 2 potions of might for 80 gold pieces
 73295 | Vaults:5 | Bought a potion of curing for 54 gold pieces
 73295 | Vaults:5 | Bought a potion of heal wounds for 90 gold pieces
 73295 | Vaults:5 | Bought a potion of cancellation for 144 gold pieces
 73295 | Vaults:5 | Bought a potion of curing for 54 gold pieces
 73295 | Vaults:5 | Bought 2 potions of brilliance for 144 gold pieces
 73370 | Vaults:5 | Got a silver rune of Zot
 73587 | Vaults:5 | Identified the +1 kite shield of Decompression {+Inv Dex+2}
 73808 | Crypt:1  | Entered Level 1 of the Crypt
 73931 | Crypt:1  | Reached skill level 15 in Conjurations
 74194 | Crypt:1  | Identified the +2 robe "Kaomav" {Drain Int+5}
 74522 | Crypt:1  | Noticed Xtahua
 74543 | Crypt:1  | Killed Xtahua
 75610 | Crypt:2  | Found a basalt altar of Yredelemnul.
 75659 | Crypt:2  | Found the +3 warlock's mirror {reflect}
 75664 | Crypt:2  | Got the Incunabulum of the Forgotten Allies
 75737 | Crypt:3  | Entered Level 3 of the Crypt
 75766 | Crypt:3  | Reached skill level 16 in Staves
 76032 | Crypt:3  | Reached XP level 24. HP: 191/191 MP: 37/43
 76512 | Crypt:3  | Found a staircase to the Tomb.
 76717 | Crypt:3  | Found a basalt altar of Yredelemnul.
 76766 | Crypt:3  | Got the Collected Works on Evil
 76807 | Crypt:3  | Got the Tome of Excruciating Transmutation
 77872 | D:15     | Found a staircase to the Depths.
 77882 | Depths:1 | Entered Level 1 of the Depths
 77885 | Depths:1 | Paralysed by a floating eye for 4 turns
 78094 | Depths:1 | Identified the ring "Beodghag" {rC+ Str+4}
 78211 | Depths:1 | Reached skill level 17 in Staves
 78391 | Depths:1 | Acquired a book of the Wilderness
 78412 | Depths:1 | Noticed a juggernaut
 78418 | Depths:1 | Killed a juggernaut
 78465 | Depths:1 | Reached XP level 25. HP: 103/198 MP: 10/44
 78687 | Depths:1 | Found Tirph's Antique Armour Boutique.
 78775 | Depths:1 | Bought a pair of runed boots for 217 gold pieces
 79166 | Depths:1 | Found a gateway to Hell.
 79485 | Depths:2 | Found a shimmering altar of Xom.
 79497 | Depths:2 | Got the Incunabulum of the Chupacabra
 79724 | Depths:2 | Found a one-way gate leading to the halls of Pandemonium.
 79888 | Depths:2 | Found a sparkling altar of Nemelex Xobeh.
 80099 | Depths:2 | Noticed Bai Suzhen
 80109 | Depths:2 | Killed Bai Suzhen
 81836 | Depths:3 | Cast into level 2 of the Abyss (hell knight)
 82539 | Depths:3 | Escaped the Abyss
 82760 | Depths:3 | Found Axemp's General Store.
 83087 | Depths:3 | Reached skill level 18 in Staves
 83429 | Depths:3 | Got the Incunabulum of Unstable Darkness
 83432 | Depths:3 | Learned a level 1 spell: Apportation
 83567 | Depths:4 | Entered Level 4 of the Depths
 83672 | Depths:3 | Bought a potion of heal wounds for 95 gold pieces
 83672 | Depths:3 | Bought a scroll of enchant weapon for 142 gold pieces
 83672 | Depths:3 | Bought a scroll of enchant weapon for 142 gold pieces
 83964 | Depths:4 | Noticed a juggernaut
 83972 | Depths:4 | Killed a juggernaut
 83973 | Depths:4 | Reached XP level 26. HP: 208/208 MP: 39/45
 84293 | Depths:4 | Found a one-way gateway to a ziggurat.
 84849 | Depths:4 | Found a runed translucent door.
 85142 | Depths:4 | Found a gate to the Realm of Zot.
 85304 | Zot:1    | Entered Level 1 of the Realm of Zot
 85317 | Zot:1    | Reached skill level 15 in Hexes
 85317 | Zot:1    | Reached skill level 15 in Summonings
 85317 | Zot:1    | Reached skill level 15 in Necromancy
 85317 | Zot:1    | Reached skill level 15 in Translocations
 85317 | Zot:1    | Reached skill level 15 in Transmutations
 85317 | Zot:1    | Reached skill level 15 in Fire Magic
 85317 | Zot:1    | Reached skill level 15 in Ice Magic
 85317 | Zot:1    | Reached skill level 15 in Air Magic
 85317 | Zot:1    | Reached skill level 15 in Earth Magic
 85317 | Zot:1    | Reached skill level 15 in Poison Magic
 85538 | Zot:1    | Noticed Vv
 85548 | Zot:1    | Killed Vv
 85906 | Zot:1    | Reached skill level 19 in Staves
 86624 | Zot:1    | Noticed an orb of fire
 86638 | Zot:1    | Gained mutation: You occasionally shout uncontrollably at
                  | your foes. [an orb of fire]
 86643 | Zot:1    | Killed an orb of fire
 87241 | Vaults:2 | Bought a potion of mutation for 168 gold pieces
 87241 | Vaults:2 | Bought a potion of mutation for 168 gold pieces
 87595 | Slime:1  | Entered Level 1 of the Pits of Slime
 88093 | Slime:2  | You fall into a shaft and drop 1 floor!
 88109 | Slime:3  | Gained mutation: You are occasionally teleported next to
                  | monsters. [a shining eye]
 88625 | Slime:2  | Gained mutation: Your spells are a little easier to cast,
                  | but a little less powerful. [a shining eye]
 89191 | Slime:5  | Entered Level 5 of the Pits of Slime
 89362 | Slime:4  | Reached XP level 27. HP: 217/217 MP: 45/45
 89428 | Slime:5  | Noticed the Royal Jelly
 89546 | Slime:5  | Killed the Royal Jelly
 89758 | Slime:5  | Got a slimy rune of Zot
 89775 | Slime:5  | Identified the +6 spear "Widowmaker" {flame, Drain rC+
                  | Dex+8 SInv}
 89880 | Lair:6   | Lost mutation: You occasionally shout uncontrollably at
                  | your foes. [potion of mutation]
 89880 | Lair:6   | Lost mutation: Your flesh is heat resistant. (rF+) [potion
                  | of mutation]
 89880 | Lair:6   | Lost mutation: Your body sometimes deteriorates upon taking
                  | damage. [potion of mutation]
 89881 | Lair:6   | Lost mutation: Your spells are a little easier to cast, but
                  | a little less powerful. [potion of mutation]
 89881 | Lair:6   | Lost mutation: You are occasionally teleported next to
                  | monsters. [potion of mutation]
 89881 | Lair:6   | Gained mutation: You are very dopey. (Int -4) [potion of
                  | mutation]
 89882 | Lair:6   | Lost mutation: You are somewhat resistant to further
                  | mutation. [potion of mutation]
 89882 | Lair:6   | Lost mutation: You are very dopey. (Int -4) [potion of
                  | mutation]
 89882 | Lair:6   | Lost mutation: You have a pair of small antennae on your
                  | head. [potion of mutation]
 89882 | Lair:6   | Gained mutation: You have sharp toenails. [potion of
                  | mutation]
 89882 | Lair:6   | Gained mutation: Your flesh is cold resistant. (rC+)
                  | [potion of mutation]
 89883 | Lair:6   | Lost mutation: You have sharp toenails. [potion of
                  | mutation]
 89883 | Lair:6   | Lost mutation: You are dopey. (Int -2) [potion of mutation]
 89883 | Lair:6   | Gained mutation: Your magical capacity is low. (-10% MP)
                  | [potion of mutation]
 89883 | Lair:6   | Gained mutation: You have sharp toenails. [potion of
                  | mutation]
 89884 | Lair:6   | Lost mutation: You have sharp toenails. [potion of
                  | mutation]
 89884 | Lair:6   | Lost mutation: Your magical capacity is low. (-10% MP)
                  | [potion of mutation]
 89884 | Lair:6   | Gained mutation: You are robust. (+10% HP) [potion of
                  | mutation]
 89884 | Lair:6   | Gained mutation: You are partially covered in iridescent
                  | scales. (AC +2) [potion of mutation]
 90327 | Depths:4 | Learned a level 8 spell: Necromutation
 90454 | Zig:1    | Entered Level 1 of a ziggurat
 90473 | Zig:2    | Entered Level 2 of a ziggurat
 90720 | Zig:3    | Entered Level 3 of a ziggurat
 90890 | Zig:4    | Entered Level 4 of a ziggurat
 91191 | Zig:5    | Entered Level 5 of a ziggurat
 91292 | Zig:6    | Entered Level 6 of a ziggurat
 91354 | Zig:6    | Identified the +0 helmet of the Ecumenical Temple {rElec
                  | Str+4}
 91396 | Zig:7    | Entered Level 7 of a ziggurat
 91576 | Zig:8    | Entered Level 8 of a ziggurat
 91593 | Zig:8    | Reached skill level 20 in Staves
 91730 | Zig:9    | Entered Level 9 of a ziggurat
 91742 | Zig:9    | Noticed an orb of fire
 91744 | Zig:9    | Noticed an orb of fire
 91749 | Zig:10   | Entered Level 10 of a ziggurat
 91774 | Zig:10   | Cast into level 4 of the Abyss (black draconian knight)
 92057 | Abyss:4  | Paralysed by an air elemental for 1 turns
 92172 | Zig:10   | Escaped the Abyss
 92264 | Zig:10   | Got Lemnear's Tome of Calling and Fire
 92289 | Zig:10   | Got the Handbook of Calling
 92291 | Zig:10   | Identified the +0 chain mail "Rulounuy" {*Corrode Dex+5}
 92306 | Zig:11   | Entered Level 11 of a ziggurat
 92347 | Zig:11   | Identified the +2 great sword "Icofah" {holy, *Rage rPois
                  | Dex+3}
 92530 | Zig:12   | Entered Level 12 of a ziggurat
 92693 | Zig:12   | Found the ring of the Hare {EV+8}
 92705 | Zig:12   | Identified the +3 shortbow "Biseen" {speed, Will+ Dex+4}
 92709 | Zig:12   | Identified the +3 crystal plate armour "Poganuuts" {rElec
                  | rPois rN+++ Will-}
 92726 | Zig:13   | Entered Level 13 of a ziggurat
 92816 | Zig:13   | Found the +0 mask of the Dragon {Will+ Slay+3 SInv}
 92821 | Zig:13   | Identified the +3 leather armour "Usown" {+Blink}
 92822 | Zig:13   | Identified the ring of the Moon {MP+9 Str+4}
 92829 | Zig:13   | Identified the amulet of Torryiwn {rF+ Regen+ Slay+2}
 92845 | Zig:14   | Entered Level 14 of a ziggurat
 92866 | Zig:14   | Learned a level 9 spell: Fire Storm
 92875 | Zig:14   | Noticed a royal mummy
 92881 | Zig:14   | Killed a royal mummy
 92922 | Zig:14   | Identified the ring "Seviub" {+Blink Will+ MP-9 Dex+3
                  | Slay+4}
 93050 | Zig:15   | Entered Level 15 of a ziggurat
 93067 | Zig:15   | Paralysed by accursed screaming for 2 turns
 93084 | Zig:15   | Paralysed by accursed screaming for 1 turns
 93089 | Zig:15   | Paralysed by accursed screaming for 2 turns
 93347 | Zig:15   | Reached skill level 21 in Staves
 93348 | Zig:15   | Identified the amulet of Witruage {Spirit rElec rPois rC-}
 93353 | Zig:15   | Got the Compendium of Venomous Clay
 93360 | Zig:15   | Identified the ring "Hojij" {+Blink rN+ Will+ Str+3 Stlth+}
 93363 | Zig:15   | Identified the +10 whip of Bomef {freeze, *Corrode rF+
                  | Str+3 Dex+3}
 93370 | Zig:16   | Entered Level 16 of a ziggurat
 93375 | Zig:16   | Noticed a juggernaut
 93399 | Zig:16   | Noticed a juggernaut
 93399 | Zig:16   | Noticed a juggernaut
 93408 | Zig:16   | Killed a juggernaut
 93410 | Zig:16   | Noticed a juggernaut
 93416 | Zig:16   | Killed a juggernaut
 93423 | Zig:16   | Killed a juggernaut
 93429 | Zig:16   | Killed a juggernaut
 93611 | Zig:16   | Identified the +4 shortbow of Dismemberment {vorpal, rN++}
 93618 | Zig:16   | Identified the +7 hand axe "Tiprius" {distort, Int+4
                  | Stlth+}
 93619 | Zig:16   | Identified the ring of Emelem {rPois Stlth+}
 93634 | Zig:17   | Entered Level 17 of a ziggurat
 93637 | Zig:17   | Noticed Taxiarem the pandemonium lord
 93638 | Zig:17   | Noticed Fewe the pandemonium lord
 93640 | Zig:17   | Noticed Osakef the pandemonium lord
 93641 | Zig:17   | Noticed Zuraen the pandemonium lord
 93654 | Zig:17   | HP: 8/243 [Taxiarem the pandemonium lord (33)]
 93655 | Zig:17   | Demolished by Taxiarem the pandemonium lord

Illustrated notes

Levels and vault maps discovered:
D:1:      dpeg_arrival_houses_and_road, layout_basic, minmay_pentomino_z2
D:2:      layout_loops_ring, minivault_19, uniq_jessica
D:3:      layout_basic, mainiacjoe_overflow_alcove_2, minmay_misc_feat_tiny,
          nicolae_underground_beach
D:4:      gammafunk_wand_slinger, layout_rooms, eat_drink_and_be_merry_uskayaw,
          nicolae_ru_the_path_less_chosen, mainiacjoe_overflow_catch_the_wave,
          serial_undead, serial_undead_b, serial_undead_a, serial_undead_a,
          serial_undead_a, serial_undead_e, serial_undead_e, serial_undead_e,
          serial_undead_e
D:5:      layout_cave_pools, kennysheep_okawaru_gauntlet,
          chequers_ossuary_entry_cave, serial_shops, nicolae_diamond_shop,
          uniq_prince_ribbit1, uniq_menkaure, uniq_duvessa
D:6:      cheibrodos_iron_armory, layout_basic
D:7:      black_bear_nest_1, layout_loops_ring, temple_green, serial_shops,
          shop, uniq_joseph
D:8:      layout_loops_cross, erik_lair_island, lightli_bailey_entry_fortress,
          uniq_pikel, uniq_psyche
D:9:      layout_cave_pods, david_orc_4, hangedman_decor_riveting,
          hangedman_weighted_door
D:10:     layout_stronghold, tso_metal_star, grunt_temple_overflow_open,
          chequers_serial_rivers_large_a
D:11:     layout_long_grid
D:12:     kennysheep_demon_hangout, layout_loops_corners, special_room
          [special_room_bee]
D:13:     layout_basic, david_vaults_4, gauntlet_entry_generic, special_room
          [special_room_orc], lightli_corner_chamber
D:14:     layout_rooms, minivault_4, gammafunk_ghost_abyssal_escape,
          nzn_wu_jian_contemplation, uniq_azrael
D:15:     grunt_enter_depths_magical_seal, layout_loops_ring,
          hangedman_decor_peaks_small, gammafunk_ghost_stat_death
Temple:   nicolae_temple_god_jail
Lair:1:   layout_gridlike, serial_bayou_shore_b
Lair:2:   layout_cave_shapes, grunt_forest_small_clearing_treed
Lair:3:   layout_cave_pods, elwin_shoals_entry_stream,
          nicolae_spider_entry_tight_spaces, ebering_ghost_xom, uniq_gastronok
Lair:4:   layout_loops_ring, portal_ice_cave_entry_ice_simulacra,
          hellmonk_guarded_unrand_vines, grunt_megastairs_2
Lair:5:   layout_regular_city, beast_lair_carwin_4, lemuel_fruit_tree,
          infiniplex_staircase_pool_2
Lair:6:   gammafunk_lair_ancient_temple, layout_gridlike,
          minmay_slime_entry_oklob_open, chequers_serial_rivers_micro_d
Shoals:1: layout_shoals
Shoals:2: layout_shoals, centaur_isle, uniq_ilsuiw
Shoals:3: layout_shoals, kb_tengu_band
Shoals:4: shoals_end_hangedman, layout_shoals, hangedman_shoals_cup_caves,
          uniq_donald
Spider:1: layout_spider_delve, drop_trap, uniq_jorgrun
Spider:2: layout_spider_delve, nicolae_spider_some_kinda_spiderbox, uniq_louise
Spider:3: layout_chambers, nicolae_spider_checkerboard, uniq_kirke
Spider:4: guppyfry_spider_rune, nicolae_spider_circle_web
Slime:1:  layout_caves
Slime:2:  layout_caves
Slime:3:  layout_caves
Slime:4:  layout_caves
Slime:5
Orc:1:    layout_caves, minmay_orc_barracks
Orc:2:    grunt_orc_tribal_feast, layout_caves
Elf:1:    cheibrodos_salmonella, layout_geoelf_octagon, minmay_elf_demonology,
          minmay_elf_annihilation
Elf:2:    nicolae_elf_blades_splatter_lattice [nicolae_blade_bullseye],
          layout_geoelf_diagonals, minivault_20, uniq_agnes
Elf:3:    minmay_elf_hall_statues, layout_geoelf_octagon, minmay_the_grid_2x2
          [minmay_the_grid_spikes, minmay_the_grid_outer_circle,
          minmay_the_grid_odd_star, minmay_the_grid_prize_inner_circle]
Vaults:1: v_rooms_1, hangedman_vaults_stretched_pinwheel,
          nicolae_vaults_specimen_jars, nicolae_vaults_border_crossing,
          vaults_room_fours, layout_vaults_omnigrid, uniq_aizul, uniq_asterion
Vaults:2: nicolae_vaults_ring_of_whatevers, vaults_dpeg_doors, v_misc_18,
          v_pattern_2, v_misc_4, nicolae_vaults_yaktaur_gun_rack,
          vaults_mumra_chevron, v_misc_23, nicolae_vaults_network_periphery,
          nicolae_vaults_sealed_display, nicolae_vaults_ring_of_whatevers,
          v_misc_13, layout_vaults_omnicross, serial_shops, shop_statue,
          shop_fountains, nicolae_shop_competitors_out_of_business,
          nicolae_shop_overgrown_old_shop, shop_fountains, uniq_mennas
Vaults:3: ebering_ghost_gozag, vaults_dpeg_hooks, minmay_crypt_entry_necro_gods,
          hangedman_vaults_stretched_pinwheel,
          nicolae_vaults_network_quinsquares
          [nicolae_vaults_network_quincunx_subvault,
          nicolae_vaults_network_quincunx_subvault,
          nicolae_vaults_network_quincunx_subvault,
          nicolae_vaults_network_quincunx_subvault], vaults_dpeg_encased_lava,
          grunt_vaults_swirl, v_pattern_1, v_rooms_4, v_misc_18,
          ontoclasm_vaults_claustrophobia, nicolae_vaults_theta,
          ontoclasm_vaults_eye, ontoclasm_vaults_gateway, v_misc_15,
          serial_ice_b, nicolae_vaults_shelves_hall, layout_vaults_maze_snakey,
          serial_shops, nicolae_shop_advertising_works
          [nicolae_subvault_shop_adworks]
Vaults:4: v_alt_pattern_3, vaults_mumra_minichess,
          vaults_mumra_minichess_inversion, vaults_room_pools,
          vaults_room_door_hall, v_misc_29, vaults_dpeg_ring,
          nicolae_vaults_mini_display_case, ontoclasm_vaults_twist,
          nicolae_vaults_alarming, grunt_vaults_hallway_short,
          vaults_room_hallway, layout_vaults_big_room
Vaults:5: serial_shops
Crypt:1:  layout_chaotic_city, grunt_crypt_arrival_guarded_gate, uniq_xtahua
Crypt:2:  gammafunk_crypt_yreds_forest, layout_regular_city,
          skrybe_necro_troll_2
Crypt:3:  church_of_pain_bobbens, layout_chaotic_city,
          nicolae_tomb_entry_rubble_hallway, corexii_leaking_fountain,
          grunt_megastairs_3
Depths:1: kennysheep_big_flooded_room, layout_cave_pools, serial_shops, shop,
          minmay_misc_feat_ornament, abyss_entry, hell_entry, st_stairs_10,
          evilmike_ambush [evilmike_ambush_outer_pillars,
          evilmike_ambush_inner_pond], firewood_loft
Depths:2: nicolae_hexawheel, layout_cave_shapes, nemelex_spade_bored_becter,
          hell_entry, rand_demon_pan_entry_9, argonaut_fire_from_heaven,
          infiniplex_staircase_door_maze, uniq_bai_suzhen
Depths:3: kennysheep_green_arena, layout_basic, hangedman_decor_lopped,
          abyss_entry, pan_entry, hell_entry, nicolae_take_the_stairs,
          kennysheep_dice
Depths:4: grunt_zot_entry_pinwheel, layout_gridlike, enter_ziggurat_a,
          abyss_entry_small_statue_room, hangedman_decor_push,
          grunt_mini_vestibule, lightli_giant_bouncers
Zot:1:    lemuel_firehouse, layout_onion, uniq_vv
Zig:17

Skill      XL: |  1  2  3  4  5  6  7  8  9 10 11 12 13 14 15 16 17 18 19 20 21 22 23 24 25 26 27 |
---------------+----------------------------------------------------------------------------------+-----
Spellcasting   | 5 6 7 8 9 10 11 12 13 14 15 16 17 18 19 | 19.5
Invocations    | 1 2 3 4 5 6 7 8 9 10 11 12 13 14 15 16 17 18 19 20 | 20.5
Fighting       | 1 2 3 4 5 6 7 8 9 10 11 12 13 14 15 16 17 18 19 | 19.0
Short Blades   | 1 2 3 4 5 6 7 8 9 10 11 12 13 14 15 16 17 18 19 | 19.0
Long Blades    | 1 2 3 4 5 6 7 8 9 10 11 12 13 14 15 16 17 18 19 | 19.0
Axes           | 1 2 3 4 5 6 7 8 9 10 11 12 13 14 15 16 17 18 19 | 19.0
Maces & Flails | 1 2 3 4 5 6 7 8 9 10 11 12 13 14 15 16 17 18 19 | 19.0
Polearms       | 1 2 3 4 5 6 7 8 9 10 11 12 13 14 15 16 17 18 19 | 19.0
Staves         | 1 2 3 4 5 6 7 8 9 10 11 12 13 14 15 16 17 18 19 21 | 21.2
Slings         | 1 2 3 4 5 6 7 8 9 10 11 12 13 14 15 16 17 18 19 | 19.0
Bows           | 1 2 3 4 5 6 7 8 9 10 11 12 13 14 15 16 17 18 19 | 19.0
Crossbows      | 1 2 3 4 5 6 7 8 9 10 11 12 13 14 15 16 17 18 19 | 19.0
Throwing       | 1 2 3 4 5 6 7 8 9 10 11 12 13 14 15 16 17 18 19 | 19.0
Armour         | 1 2 3 4 5 6 7 8 9 10 11 12 13 14 15 16 17 18 19 | 19.0
Shields        | 1 2 3 4 5 6 7 8 9 10 11 12 13 14 15 16 17 18 19 | 19.0
Unarmed Combat | 1 2 3 4 5 6 7 8 9 10 11 12 13 14 15 16 17 18 19 | 19.0
Evocations     | 1 2 3 4 5 6 7 8 9 10 11 12 13 14 15 16 17 18 19 | 19.0
Hexes          | 1 2 3 4 5 6 7 8 9 10 11 12 13 14 15 16 | 16.2
Summonings     | 1 2 3 4 5 6 7 8 9 10 11 12 13 14 15 16 | 16.2
Necromancy     | 1 2 3 4 5 6 7 8 9 10 11 12 13 14 15 16 | 16.2
Translocations | 1 2 3 4 5 6 7 8 9 10 11 12 13 14 15 16 | 16.2
Transmutations | 1 2 3 4 5 6 7 8 9 10 11 12 13 14 15 16 | 16.2
Fire Magic     | 1 2 3 4 5 6 7 8 9 10 11 12 13 14 15 16 | 16.2
Ice Magic      | 1 2 3 4 5 6 7 8 9 10 11 12 13 14 15 16 | 16.2
Air Magic      | 1 2 3 4 5 6 7 8 9 10 11 12 13 14 15 16 | 16.2
Earth Magic    | 1 2 3 4 5 6 7 8 9 10 11 12 13 14 15 16 | 16.2
Poison Magic   | 1 2 3 4 5 6 7 8 9 10 11 12 13 14 15 16 | 16.2
Dodging        | 5 6 7 8 9 10 11 12 13 14 15 16 17 18 19 | 19.4
Stealth        | 5 6 7 8 9 10 11 12 13 14 15 16 17 18 19 | 19.4
Conjurations   | 8 9 10 11 12 13 14 15 16 17 | 17.5

Action                   |  1- 3 |  4- 6 |  7- 9 | 10-12 | 13-15 | 16-18 | 19-21 | 22-24 | 25-27 || total
-------------------------+-------+-------+-------+-------+-------+-------+-------+-------+-------++-------
Melee: Flail             |       |     3 |    20 |    74 |       |       |       |       |       ||    97
       Bite              |       |       |       |    21 |    33 |    35 |    78 |   193 |   275 ||   635
       Morningstar       |       |       |       |    75 |   161 |    55 |       |       |       ||   291
       Demon whip        |       |       |       |       |       |   119 |   420 |   151 |  1038 ||  1728
       Kick              |       |       |       |       |       |    44 |    11 |       |       ||    55
       Sacred scourge    |       |       |       |       |       |       |       |   884 |   242 ||  1126
Throw: Javelin           |       |       |       |       |       |       |       |       |     1 ||     1
 Cast: Magic Dart        |    70 |    94 |   194 |   104 |   110 |   103 |   114 |    21 |    70 ||   880
       Searing Ray       |       |     5 |    52 |    28 |     3 |       |     1 |       |       ||    89
       Poisonous Vapours |       |       |    22 |   116 |    72 |    89 |   104 |    41 |    30 ||   474
       Ignite Poison     |       |       |    14 |    87 |   102 |   138 |   109 |    54 |    53 ||   557
       Olgreb's Toxic Ra |       |       |       |    21 |    43 |    60 |    43 |    22 |    35 ||   224
       Iron Shot         |       |       |       |     2 |   166 |   223 |   222 |    87 |   210 ||   910
       Sticky Flame      |       |       |       |       |    16 |     3 |     2 |       |     1 ||    22
       Statue Form       |       |       |       |       |       |     1 |       |    23 |    47 ||    71
       Spellforged Servi |       |       |       |       |       |       |    12 |    19 |    36 ||    67
       Freezing Cloud    |       |       |       |       |       |       |     3 |    11 |    48 ||    62
       Borgnjor's Vile C |       |       |       |       |       |       |     2 |     6 |     9 ||    17
       Necromutation     |       |       |       |       |       |       |       |       |     7 ||     7
       Apportation       |       |       |       |       |       |       |       |       |     3 ||     3
Invok: Bend Time         |       |       |       |     2 |     2 |       |       |     1 |     2 ||     7
       Slouch            |       |       |       |       |       |     5 |       |     2 |    13 ||    20
       Step From Time    |       |       |       |       |       |       |       |     1 |       ||     1
Evoke: Wand              |       |       |    15 |    10 |    22 |    17 |     6 |     8 |    27 ||   105
       Lightning rod     |       |       |       |       |       |     5 |     1 |       |       ||     6
       Condenser vane    |       |       |       |       |       |       |       |       |     1 ||     1
  Use: Scroll            |     5 |     7 |     5 |    14 |     6 |    17 |     8 |    14 |    21 ||    97
       Potion            |       |       |     1 |     1 |     1 |    17 |     2 |     2 |    14 ||    38
 Stab: Sleeping          |       |       |       |     2 |     2 |     5 |    17 |    29 |     9 ||    64
       Distracted        |       |       |       |       |     1 |       |     3 |     9 |    13 ||    26
       Invisible         |       |       |       |       |       |     2 |       |       |       ||     2
Armor: Robe              |       |     6 |    28 |    86 |    65 |    63 |    48 |    38 |    23 ||   357
       Skin              |       |       |       |       |       |     3 |       |   261 |   239 ||   503
       Fire dragon scale |       |       |       |       |       |       |       |       |   269 ||   269
Dodge: Dodged            |     7 |    30 |    54 |   234 |   237 |   368 |   367 |  1110 |  1420 ||  3827
Block: Buckler           |       |     2 |    20 |   131 |   162 |   125 |       |       |       ||   440
       Reflection        |       |       |       |       |       |    40 |    93 |    38 |    27 ||   198
       Kite shield       |       |       |       |       |       |   133 |   548 |  1258 |  1721 ||  3660

Table legend: (Time is in decaauts)
 A = Elapsed time spent in this place.
 B = Non-inter-level travel time spent in this place.
 C = Inter-level travel time spent in this place.
 D = Time resting spent in this place.
 E = Time spent auto-exploring this place.
 F = Levels seen in this place.
 G = Mean time per level.
                   A        B        C        D        E       F      G
               +--------+--------+--------+--------+--------+-----+--------+
         Total | 132760 | 119237 |  13523 |  27002 |  71264 |  75 | 1770.1 |
       Dungeon |  32026 |  27020 |   5006 |   6207 |  16927 |  15 | 2135.1 |
        Temple |     90 |     77 |     13 |      0 |     46 |   1 |   90.0 |
          Lair |  16667 |  13820 |   2847 |   2637 |   9820 |   6 | 2777.8 |
        Shoals |   8544 |   8227 |    317 |   1685 |   5336 |   4 | 2136.0 |
   Spider Nest |   9873 |   9467 |    406 |   3010 |   5402 |   4 | 2468.2 |
    Slime Pits |   3917 |   3574 |    343 |    399 |   2199 |   5 |  783.4 |
  Orcish Mines |   3646 |   3069 |    577 |    524 |   1784 |   2 | 1823.0 |
   Elven Halls |   9964 |   9254 |    710 |   2023 |   5516 |   3 | 3321.3 |
        Vaults |  17407 |  15650 |   1757 |   3444 |   9866 |   5 | 3481.4 |
         Crypt |   6572 |   6110 |    462 |    122 |   4072 |   3 | 2190.7 |
        Depths |  10900 |   9933 |    967 |   1125 |   7034 |   4 | 2725.0 |
           Zot |   2428 |   2313 |    115 |    209 |   1513 |   1 | 2428.0 |
         Abyss |   1593 |   1593 |      0 |    162 |    871 |   2 |  796.5 |
      Ziggurat |   3432 |   3432 |      0 |   1590 |    133 |  17 |  201.9 |
       Ossuary |   1709 |   1709 |      0 |   1144 |    364 |   1 | 1709.0 |
        Bailey |   1463 |   1463 |      0 |    942 |    124 |   1 | 1463.0 |
      Ice Cave |   2521 |   2521 |      0 |   1777 |    251 |   1 | 2521.0 |
               +--------+--------+--------+--------+--------+-----+--------+

Top non-repeatable levels by time:
  Lair:3: 4901 daAuts
Vaults:1: 4632 daAuts
Spider:3: 4270 daAuts
   Elf:3: 3967 daAuts
    D:13: 3783 daAuts
Vaults:5: 3755 daAuts
    D:12: 3604 daAuts
     D:9: 3575 daAuts
Depths:3: 3331 daAuts
Vaults:3: 3191 daAuts
   Elf:2: 3169 daAuts
Shoals:4: 3159 daAuts
Vaults:4: 3144 daAuts
Depths:4: 2963 daAuts
     D:8: 2904 daAuts
